 Dungeon Crawl Stone Soup version 0.29.1-12-g30fa7ad0bf (webtiles) character file.

Game seed: 1650160142270965574

50726 Lutefisk the Unseen (level 14, 0/118 HPs)
             Began as a Vampire Brigand on Jan 8, 2023.
             Was an Elder of Wu Jian.
             Slain by a skeletal warrior
             ... wielding a +0 halberd
              (10 damage)
             ... on level 13 of the Dungeon.
             The game lasted 01:25:14 (10124 turns).

Lutefisk the Unseen (Vampire Brigand)              Turns: 10124, Time: 01:25:14

Health: 0/118      AC: 10    Str: 12    XL:     14   Next: 20%
Magic:  14/14      EV: 19    Int: 25    God:    Wu Jian [****..]
Gold:   2883       SH: 11    Dex: 19    Spells: 12/13 levels left

rFire   + . .      SeeInvis +   a - +5 dagger of the Evil Eye {elec, Fly Str+2}
rCold   + . .      Faith    .   T - +0 buckler
rNeg    + + .      Spirit   .   z - +1 leather armour of Wariness {rF+ rC+ Int+4}
rPois   .          Reflect  +   Y - +0 helmet
rElec   .          Harm     .   y - +1 cloak
rCorr   .          Rampage  .   L - +0 pair of gloves
Will    +....                   V - +0 pair of boots of Beogh's Grace {rN++ Regen+ Int+2 Dex-2}
Stlth   ++++++....              b - amulet of reflection
HPRegen 1.29/turn               o - ring of flight
MPRegen 0.14/turn               s - +6 ring of intelligence

@: exhausted, flying, healing quickly, studying 2 skills, invisible
A: alive, fangs 3, see invisible, vampiric 2
a: Exsanguinate, Renounce Religion, Wall Jump, Serpent's Lash


You were on level 13 of the Dungeon.
You worshipped Wu Jian.
Wu Jian was greatly pleased with you.
You visited 3 branches of the dungeon, and saw 19 of its levels.
You also visited: Bailey.

You collected 2883 gold pieces.

Inventory:

Hand Weapons
 a - the +5 dagger of the Evil Eye (weapon) {elec, Fly Str+2}
   (You found it on level 7 of the Dungeon)

   It occasionally discharges a powerful burst of electricity upon striking a
   foe.
   Str:       It affects your strength (+2).
   Fly:       It grants you flight.
 j - a +0 scimitar
 U - a +1 falchion of freezing
Missiles
 d - 48 poisoned darts
 e - 8 curare-tipped darts (quivered)
 r - 25 javelins
 t - a throwing net
Armour
 y - a +1 cloak (worn)
 z - the +1 leather armour of Wariness (worn) {rF+ rC+ Int+4}
   (You found it on level 2 of the Lair of Beasts)

   Int:       It affects your intelligence (+4).
   rF:        It protects you from fire.
   rC:        It protects you from cold.
 L - a +0 pair of gloves (worn)
 T - a +0 buckler (worn)
 V - the +0 pair of boots of Beogh's Grace (worn) {rN++ Regen+ Int+2 Dex-2}
   (You acquired it on level 3 of the Lair of Beasts)

   Int:       It affects your intelligence (+2).
   Dex:       It affects your dexterity (-2).
   rN:        It greatly protects you from negative energy.
   Regen:     It increases your rate of health regeneration.
 Y - a +0 helmet (worn)
 Z - the +3 leather armour of Tenacity {Str+4 Dex+4 Stlth+}
   (You found it on level 5 of the Lair of Beasts)

   Str:       It affects your strength (+4).
   Dex:       It affects your dexterity (+4).
   Stlth:     It makes you more stealthy.
Jewellery
 b - an amulet of reflection (around neck)
 o - a ring of flight (left hand)
 s - a +6 ring of intelligence (right hand)
 R - a +4 ring of protection
 W - a +6 ring of intelligence
Wands
 h - a wand of mindburst (20)
 p - a wand of roots (15)
 E - a wand of digging (3)
 I - a wand of paralysis (3)
 M - a wand of flame (14)
 O - a wand of polymorph (4)
Scrolls
 f - 3 scrolls of fear
 i - 5 scrolls of enchant weapon
 k - 2 scrolls of vulnerability
 l - 5 scrolls of teleportation
 m - 5 scrolls of poison
 n - 2 scrolls of torment
 v - 2 scrolls of amnesia
 w - a scroll of brand weapon {unknown}
 x - 2 scrolls of immolation
 D - 2 scrolls of enchant armour
 G - 2 scrolls of magic mapping
 J - 4 scrolls of blinking
 K - a scroll of acquirement
 Q - a scroll of butterflies
Potions
 c - 3 potions of berserk rage
 g - 6 potions of flight
 q - 3 potions of might
 u - 4 potions of resistance
 A - a potion of attraction {unknown}
 B - 2 potions of degeneration
 C - a potion of ambrosia
 F - 2 potions of brilliance
 H - 2 potions of cancellation
 P - a potion of magic {unknown}
 S - a potion of invisibility
 X - 3 potions of haste
Miscellaneous
 N - a phial of floods


   Skills:
 * Level 13.5 Fighting
 - Level 2.1(8.6) Short Blades
 - Level 11.9(12.0) Long Blades
 - Level 2.0 Throwing
 - Level 5.0 Armour
 - Level 12.0 Dodging
 - Level 15.0 Stealth
 - Level 6.0 Shields
 - Level 6.0 Evocations


You had 12 spell levels left.
You knew the following spells:

 Your Spells              Type           Power      Damage    Failure   Level
a - Slow                  Hex            0%         N/A       22%         1

Your spell library contained the following spells:

 Spells                   Type           Power      Damage    Failure   Level
 Poisonous Vapours        Pois/Air       0%         N/A       32%         2
 Sublimation of Blood     Necr           0%         N/A       32%         2
 Wereblood                Tmut           0%         N/A       32%         2
 Confusing Touch          Hex            0%         N/A       54%         3
 Gell's Gravitas          Tloc           0%         N/A       54%         3
 Lesser Beckoning         Tloc           0%         N/A       54%         3
 Teleport Other           Tloc           0%         N/A       54%         3
 Vampiric Draining        Necr           0%         2d6       54%         3
 Corpse Rot               Necr/Pois/Air  0%         N/A       91%         4
 Olgreb's Toxic Radiance  Pois           0%         N/A       91%         4
 Iskenderun's Battlesphe  Conj           0%         2d6       99%         5
 Iron Shot                Conj/Erth      0%         9d1       100%        6
 Ozocubu's Refrigeration  Ice            0%         4d7       100%        7
 Spellforged Servitor     Conj/Summ      0%         N/A       100%        7
 Summon Hydra             Summ           0%         N/A       100%        7
 Ignition                 Fire           0%         3d3       100%        8


Dungeon Overview and Level Annotations

Branches:
Dungeon (13/15)            Temple (1/1) D:4            Lair (5/5) D:11
 Spider (0/4) Lair:3        Slime (0/5) Lair:4          Orc (0/2) D:11
 Bailey (visited)
  Swamp: Lair:2-3    Shoals: Lair:2-3    Vaults: D:13-14

Altars:
Ashenzari
Cheibriados
Dithmenos
Fedhas
Gozag
Hepliaklqana
Kikubaaqudgha
Makhleb
Nemelex Xobeh
Okawaru
Qazlal
Ru
Sif Muna
Trog
Uskayaw
Vehumet
Wu Jian
Xom
Yredelemnul
Jiyva

Shops:
D:4 :   D:6 [   D:8 *

Annotations:
D:10 3 runed translucent doors, Radix's ghost, journeyman GrEE; nroviw's ghost, journeyman MiFi
Lair:3 3 runed translucent doors, hikkokomori's ghost, journeyman OpCj
Lair:5 exclusion: 3 oklob plants


Innate Abilities, Weirdness & Mutations

Your natural rate of healing is accelerated.
You have razor-sharp teeth.
You have supernaturally acute eyesight. (SInv)
You are afflicted with vampirism and can become a bat while bloodless.


Message History

You hit the skeletal warrior but do no damage.
Your bite misses the skeletal warrior.
The skeletal warrior is almost destroyed.
You hit the skeletal warrior.
You bite the skeletal warrior, but do no damage.
The skeletal warrior is almost destroyed.
The skeletal warrior hits you with a +0 halberd!!
* * * LOW HITPOINT WARNING * * *
Your muscles tense, ready for explosive movement...
You spin and attack the skeletal warrior repeatedly, with incredible momentum.
You hit the skeletal warrior but do no damage.
Your bite misses the skeletal warrior.
The skeletal warrior is almost destroyed.
You hit the skeletal warrior but do no damage.
The skeletal warrior is almost destroyed.
You spin and attack the skeletal warrior, with incredible momentum.
You hit the skeletal warrior but do no damage.
The skeletal warrior is almost destroyed.
Your supernatural speed expires.
Okay, then.
Okay, then.
Aiming: Mindburst
Press: ? - help, Shift-Dir - straight line, f - skeletal warrior
Aim: a skeletal warrior, wielding a +0 halberd (almost destroyed, chance to affect: 21%)
Okay, then.
Unknown command.
Okay, then.
Press: ? - help, v - describe, . - travel
Here: a skeletal warrior, wielding a +0 halberd (almost destroyed)
The floor, spattered with blood.
Unknown command.
You fade into invisibility!
The skeletal warrior hits you with a +0 halberd!
* * * LOW HITPOINT WARNING * * *
There is a dry fountain here.
You spin and attack the skeletal warrior.
You closely miss the skeletal warrior.
The skeletal warrior is almost destroyed.
The skeletal warrior hits you with a +0 halberd!
You die...

##..#+#.......#''....z..
#..##.##..)..##z##.....#
#.##...##...##...##...##
#.+.....##'##..⌠..# '##
#.##...##...##...## .#
#.# #.##.....##.## .#
#.# #''...<...'+# .
#.###.##.....##.##
#.##...##...##°@z##
#.'.....##+##..⌠..#
#.##...## ##...##
#.###.## ##.## #.. #+#
#++ ###


You could see a skeletal warrior (unable to see you).

Vanquished Creatures
  Josephine (D:11)
  A two-headed ogre (D:11)
  2 boulder beetles
  A catoblepas (Lair:5)
  8 hydras
  An anaconda (Lair:5)
  6 death yaks
  A wizard (D:11)
  A lindwurm (Lair:5)
  4 cyclopes
  2 manticores (Lair:5)
  An elephant (Lair:3)
  6 black mambas
  4 torpor snails (Lair:5)
  5 rime drakes
  An unseen horror (D:11)
  12 cane toads
  An unseen horror zombie (D:8)
  7 komodo dragons
  11 polar bears (Lair:5)
  3 hornets
  4 trolls
  3 slime creatures (D:12)
  5 raiju (Lair:5)
  6 dream sheep (Lair:5)
  Sigmund (D:6)
  A jumping spider (Lair:3)
  16 yaks
  3 wyverns
  A vampire (D:12)
  Eustachio (D:6)
  6 shadows
  5 wraiths
  5 basilisks
  8 vampire mosquitoes
  4 wargs (Lair:5)
  2 acid dragons
  Duvessa (D:6)
  13 water moccasins
  12 hell hounds (Lair:5)
  12 orc warriors
  A hornet zombie (D:8)
  A sky beast (D:6)
  3 ice beasts
  17 black bears
  An ogre (D:5)
  15 wolves (Lair:5)
  11 centaurs
  3 phantoms
  7 kobold brigands
  7 bullfrogs
  A necrophage (D:5)
  4 scorpions
  Dowan (D:6)
  8 killer bees (D:8)
  A howler monkey (D:12)
  2 centaur zombies (D:8)
  A lava snake (D:11)
  2 gnoll boudas (D:9)
  A jelly (D:5)
  5 orc priests
  Crazy Yiuf (D:6)
  6 hounds
  3 iguanas (D:5)
  11 orc wizards
  15 hell rats (Lair:5)
  A killer bee zombie (D:8)
  4 howler monkey zombies (D:8)
  12 gnolls
  2 adders
  A shadow imp (D:7)
  3 white imps (D:6)
  An ufetubus (D:5)
  A worm (D:3)
  5 dart slugs
  57 orcs
  6 endoplasms
  2 giant cockroaches
  4 goblins
  3 hobgoblins
  15 jackals
  4 quokkas
  4 ball pythons
  2 bats
  3 frilled lizards
  36 kobolds
  4 rats
486 creatures vanquished.

Vanquished Creatures (others)
  2 bushes (Lair:5)
  36 fungi
  68 plants
106 creatures vanquished.

Grand Total: 592 creatures vanquished

Notes
Turn   | Place    | Note
-------+----------+-------------------------------------------
     0 | D:1      | Lutefisk the Vampire Brigand began the quest for the Orb.
     0 | D:1      | Reached XP level 1. HP: 16/16 MP: 1/1
    25 | D:1      | Reached skill level 6 in Stealth
    65 | D:1      | Reached XP level 2. HP: 21/23 MP: 2/2
   144 | D:2      | Learned a level 1 spell: Slow
   358 | D:2      | Gained mutation: You are afflicted with vampirism and can
                  | become a bat while bloodless. [Vampire growth]
   358 | D:2      | Reached XP level 3. HP: 29/29 MP: 3/3
   509 | D:4      | Found an iron altar of Okawaru.
   784 | D:4      | Noticed a scorpion
   796 | D:4      | Killed a scorpion
   797 | D:4      | Reached skill level 1 in Long Blades
   797 | D:4      | Reached XP level 4. HP: 25/37 MP: 4/4
   851 | D:4      | Found a staircase to the Ecumenical Temple.
   868 | Temple   | Entered the Ecumenical Temple
  1002 | D:4      | Reached XP level 5. HP: 42/42 MP: 5/5
  1027 | D:4      | Reached skill level 7 in Stealth
  1051 | D:4      | Found a shimmering blue altar of Sif Muna.
  1079 | D:4      | Found Qugyerra's Book Boutique.
  1089 | D:5      | Entered Level 5 of the Dungeon
  1120 | D:5      | Found a hazy altar of Hepliaklqana.
  1144 | D:5      | Reached skill level 1 in Evocations
  1154 | D:5      | Reached XP level 6. HP: 23/48 MP: 6/6
  1172 | D:5      | Reached skill level 8 in Stealth
  1365 | D:3      | Found a sacrificial altar of Ru.
  1433 | D:3      | You are sucked into a shaft and drop 2 floors!
  1442 | D:5      | Reached skill level 1 in Armour
  1498 | D:5      | Reached skill level 9 in Stealth
  1518 | D:5      | Reached XP level 7. HP: 32/54 MP: 7/7
  1518 | D:5      | Found an ancient bone altar of Kikubaaqudgha.
  1577 | D:5      | Reached skill level 10 in Stealth
  1684 | D:5      | Reached skill level 5 in Fighting
  1917 | D:6      | Noticed Sigmund
  1936 | D:6      | Reached XP level 8. HP: 37/62 MP: 8/8
  1937 | D:6      | Killed Sigmund
  1978 | D:6      | Noticed Duvessa
  1981 | D:6      | Noticed Dowan
  1985 | D:6      | Killed Duvessa
  1992 | D:6      | Killed Dowan
  1993 | D:6      | Reached skill level 5 in Dodging
  2233 | D:6      | Found a runed translucent door.
  2234 | D:6      | Noticed Crazy Yiuf
  2241 | D:6      | Killed Crazy Yiuf
  2368 | D:6      | Found Usatzy's Antique Armour Shoppe.
  2411 | D:6      | Noticed Eustachio
  2458 | D:6      | Killed Eustachio
  2459 | D:6      | Reached skill level 11 in Stealth
  2480 | D:6      | Reached XP level 9. HP: 48/69 MP: 9/9
  2671 | D:7      | Found a flagged portal.
  2741 | D:7      | Reached skill level 5 in Long Blades
  2834 | D:7      | Found an ornate altar of the Wu Jian Council.
  2834 | D:7      | Found a stormy altar of Qazlal.
  2837 | D:7      | Became a worshipper of the Wu Jian Council
  2876 | D:7      | Identified the +5 dagger of the Evil Eye {elec, Fly Str+2}
  2941 | Bailey   | Entered a bailey
  3344 | Bailey   | Reached skill level 12 in Stealth
  3932 | D:7      | Reached XP level 10. HP: 55/79 MP: 10/10
  3947 | D:7      | Reached * piety under Wu Jian
  4424 | D:8      | Found Temin's General Store.
  4626 | D:8      | Found a basalt altar of Yredelemnul.
  4800 | D:9      | Reached ** piety under Wu Jian
  4830 | D:9      | Reached skill level 5 in Evocations
  5138 | D:9      | Found a radiant altar of Vehumet.
  5206 | D:9      | Paralysed by a hornet for 1 turns
  5249 | D:10     | Entered Level 10 of the Dungeon
  5343 | D:10     | Found an opulent altar of Gozag.
  5421 | D:9      | Reached *** piety under Wu Jian
  5462 | D:10     | Reached XP level 11. HP: 64/86 MP: 11/11
  5519 | D:11     | Noticed a wizard
  5530 | D:11     | Found a staircase to the Orcish Mines.
  5535 | D:11     | Noticed a two-headed ogre
  5541 | D:11     | Killed a two-headed ogre
  5556 | D:11     | Killed a wizard
  5672 | D:10     | Found a shadowy altar of Dithmenos.
  5737 | D:10     | Found a runed translucent gate.
  5737 | D:10     | Found a runed translucent gate.
  5738 | D:10     | Found a runed translucent gate.
  5739 | D:10     | Found the +8 orange crystal plate armour {Archmagi, Int+3
                  | Clar}
  5759 | D:10     | Noticed nroviw's ghost (journeyman MiFi)
  5759 | D:10     | Noticed Radix's ghost (journeyman GrEE)
  5887 | D:11     | Noticed a red ugly thing
  5919 | D:11     | Found a staircase to the Lair.
  5927 | Lair:1   | Entered Level 1 of the Lair of Beasts
  5986 | Lair:2   | Noticed a five-headed hydra
  6019 | Lair:1   | Reached **** piety under Wu Jian
  6126 | Lair:1   | Reached skill level 13 in Stealth
  6316 | Lair:2   | Reached skill level 14 in Stealth
  6393 | Lair:3   | Identified 3 scrolls of acquirement
  6397 | Lair:3   | Acquired the +0 pair of boots of Beogh's Grace {rN++ Regen+
                  | Int+2 Dex-2}
  6474 | Lair:3   | Found a runed translucent gate.
  6474 | Lair:3   | Found a runed translucent gate.
  6475 | Lair:3   | Found a runed translucent gate.
  6492 | Lair:3   | Reached skill level 1 in Shields
  6532 | Lair:3   | Noticed hikkokomori's ghost (journeyman OpCj)
  6677 | Lair:3   | Reached XP level 12. HP: 24/95 MP: 12/12
  6823 | Lair:2   | Identified the +1 leather armour of Wariness {rF+ rC+
                  | Int+4}
  6911 | Lair:2   | Reached skill level 10 in Dodging
  7063 | Lair:3   | Found a hole to the Spider Nest.
  7167 | Lair:4   | Reached skill level 15 in Stealth
  7294 | Lair:4   | Noticed a five-headed hydra
  7300 | Lair:4   | Killed a five-headed hydra
  7300 | Lair:4   | Reached ***** piety under Wu Jian
  7423 | Lair:4   | Noticed a death yak
  7424 | Lair:4   | Noticed a death yak
  7424 | Lair:4   | Noticed a death yak
  7481 | Lair:4   | Killed a death yak
  7485 | Lair:4   | Killed a death yak
  7504 | Lair:4   | Killed a death yak
  7549 | Lair:4   | Found a staircase to the Slime Pits.
  7550 | Lair:4   | Found a viscous altar of Jiyva.
  7625 | Lair:5   | Entered Level 5 of the Lair of Beasts
  7660 | Lair:5   | Reached skill level 5 in Shields
  7749 | Lair:5   | Reached skill level 10 in Fighting
  7780 | Lair:5   | Noticed a seven-headed hydra
  7839 | Lair:5   | Killed a seven-headed hydra
  7858 | Lair:5   | Noticed a seven-headed hydra
  7869 | Lair:5   | Killed a seven-headed hydra
  7889 | Lair:5   | Noticed a death yak
  7935 | Lair:5   | Killed a death yak
  8076 | Lair:5   | Noticed a boulder beetle
  8079 | Lair:5   | Noticed a four-headed hydra
  8080 | Lair:5   | Killed a boulder beetle
  8081 | Lair:5   | Reached skill level 5 in Armour
  8081 | Lair:5   | Reached skill level 10 in Long Blades
  8081 | Lair:5   | Reached XP level 13. HP: 103/103 MP: 13/13
  8697 | Lair:5   | Acquired 1283 gold pieces
  8858 | Lair:5   | Identified the +8 chain mail of Kimism {Drain rPois Dex+4}
  8990 | Lair:5   | Identified the +3 leather armour of Tenacity {Str+4 Dex+4
                  | Stlth+}
  9583 | D:11     | Noticed Josephine
  9592 | D:11     | Killed Josephine
  9593 | D:11     | Reached XP level 14. HP: 114/114 MP: 14/14
  9868 | D:12     | Found a radiant altar of Vehumet.
  9870 | D:12     | Found a bloodstained altar of Trog.
  9872 | D:12     | Found a shimmering altar of Xom.
  9872 | D:12     | Found a hazy altar of Hepliaklqana.
 10086 | D:13     | Found the +3 giant club "Skullcrusher" {speed, Str+7}
 10124 | D:13     | Slain by a skeletal warrior

Illustrated notes

Levels and vault maps discovered:
D:1:      sevenhm_arrival_forest_fort_small_3, layout_rooms,
          chequers_ecumenical_altar_twisty, kennysheep_crisscross
D:2:      layout_loops_ring, grunt_decor_cap, minivault_26
D:3:      layout_basic, zin_scriptorium, nicolae_ru_great_annihilating_truth
D:4:      layout_basic, mainiacjoe_overflow_boulevard, lemuel_round_altar,
          temple_pool_b, serial_shops, nicolae_stop_n_shop_1, minmay_lizard_king
D:5:      layout_rooms, old_standard_altar, marbit_many_paths,
          grunt_ministairs_6, kennysheep_dice
D:6:      layout_loops_ring, serial_shops, shop, st_stairs_7, uniq_sigmund,
          uniq_crazy_yiuf_cottage, uniq_duvessa, uniq_eustachio
D:7:      layout_basic, gammafunk_temple_overflow_elements, enter_bailey_8
D:8:      layout_basic, nicolae_yredelemnul_corpse_copse, serial_shops,
          nicolae_shop_waterfront
D:9:      layout_loops_ring, kennysheep_mini_moat
D:10:     layout_rooms, nicolae_gozag_seed_capital,
          nicolae_dithmenos_the_darkroom, gammafunk_ghost_cemetery
D:11:     layout_big_octagon, grunt_lair_entry_orc_guard_hut, lightli_minifort,
          uniq_josephine
D:12:     layout_cave_pools, doesnt_xom_only_xom
D:13:     layout_gridville, nicolae_hexahallways, tgw_trog
Temple:   nicolae_temple_bog_church
Lair:1:   layout_loops_ring
Lair:2:   layout_regular_city, nicolae_quartered_pool_super
Lair:3:   layout_small_grid, palyth_hydra_swamp_entry,
          nicolae_spider_entry_tight_spaces, gammafunk_ghost_necromancy,
          st_stairs_13, beast_lair_carwin_4
Lair:4:   layout_small_grid, slime_entry_1, chequers_serial_rivers_room_b,
          ldierk_geyser, serial_bayou_pond_c
Lair:5:   hangedman_lair_in_review, layout_long_grid,
          hangedman_lair_caniforms_friends, dpeg_oklob_1

Skill      XL: |  1  2  3  4  5  6  7  8  9 10 11 12 13 14 |
---------------+-------------------------------------------+-----
Fighting       | 2 3 4 5 6 7 8 9 10 11 13 | 13.5
Stealth        | 6 7 9 10 11 12 14 15 | 15.0
Long Blades    | 1 2 3 4 5 7 8 10 11 | 11.9
Throwing       | 2 |  2.0
Dodging        | 2 3 5 7 9 10 12 | 12.0
Evocations     | 1 2 3 5 6 |  6.0
Armour         | 1 2 3 4 5 |  5.0
Shields        | 2 6 |  6.0
Short Blades   | |  2.1

Action                   |  1- 3 |  4- 6 |  7- 9 | 10-12 | 13-15 || total
-------------------------+-------+-------+-------+-------+-------++-------
Melee: Dagger            |   140 |    78 |   375 |   876 |   400 ||  1869
       Bite              |    12 |    15 |    58 |   128 |   121 ||   334
       Punch             |     2 |       |     6 |     9 |       ||    17
       Long sword        |       |    20 |    33 |       |       ||    53
       Halberd           |       |       |    10 |       |       ||    10
       Unarmed           |       |       |       |     5 |       ||     5
       Scimitar          |       |       |       |       |   483 ||   483
Throw: Dart              |     7 |     2 |    29 |    12 |     2 ||    52
 Cast: Slow              |     1 |     3 |       |       |       ||     4
Invok: Lunge             |       |       |    21 |    55 |    29 ||   105
       Whirlwind         |       |       |       |   109 |   185 ||   294
       Serpent's Lash    |       |       |       |     3 |    23 ||    26
 Abil: Wall Jump         |       |       |       |       |     1 ||     1
Evoke: Wand              |       |     1 |     1 |     6 |     7 ||    15
       Phial of floods   |       |       |       |     1 |       ||     1
  Use: Potion            |       |     2 |     6 |     2 |     1 ||    11
       Scroll            |       |       |       |    17 |     6 ||    23
 Stab: Sleeping          |    10 |    11 |    14 |    37 |    15 ||    87
       Distracted        |     1 |       |       |     1 |     4 ||     6
       Paralysed         |       |       |       |       |     2 ||     2
Armor: Robe              |     9 |       |       |       |       ||     9
       Leather armour    |    19 |    22 |    20 |    36 |   124 ||   221
       Ring mail         |       |       |    45 |    76 |       ||   121
Dodge: Dodged            |    76 |    59 |   251 |   346 |   401 ||  1133
Block: Other             |       |       |    75 |    55 |       ||   130
       Reflection        |       |       |       |     3 |     2 ||     5
       Buckler           |       |       |       |   149 |   396 ||   545
